 Dungeon Crawl Stone Soup version 0.21-a0-509-gecc5317 (webtiles) character file.

2 Laiders the Vexing (level 1, 0/20 HPs)
             Began as a Gnoll Wanderer on Nov 30, 2017.
             Slain by a rat (2 damage)
             ... on level 1 of the Dungeon.
             The game lasted 00:02:07 (101 turns).

Laiders the Vexing (Gnoll Wanderer)                  Turns: 101, Time: 00:02:08

Health: 0/20       AC:  2    Str: 12    XL:     1   Next: 30%
Magic:  1/1        EV: 11    Int: 13    God:
Gold:   0          SH:  0    Dex: 17    Spells: 0/0 levels left

rFire    . . .     SeeInvis .   (no weapon)
rCold    . . .     Gourm    .   (no shield)
rNeg     . . .     Faith    .   d - +0 robe
rPois    .         Spirit   .   (no helmet)
rElec    .         Reflect  .   (no cloak)
rCorr    .         Harm     .   (no gloves)
MR       .....                  (no boots)
Stlth    ++........             (no amulet)
HPRegen  0.06/turn              (no ring)
MPRegen  0.07/turn              (no ring)

@: no status effects
A: distributed training, fangs 1, strong nose
a: no special abilities


You were on level 1 of the Dungeon.
You were not hungry.

You visited 1 branch of the dungeon, and saw 1 of its levels.

Inventory:

Hand Weapons
 b - a +2 blowgun
Armour
 d - a +0 robe (worn)
Books
 c - the Disquisition on Air

   Spells                             Type                      Level
   a - Shock                          Conjuration/Air              1
   b - Mephitic Cloud                 Conjuration/Poison/Air       3
Comestibles
 f - a bread ration


   Skills:
 + Level 4.4 Fighting
 + Level 0.0 Short Blades
 + Level 0.0 Long Blades
 + Level 0.0 Axes
 + Level 0.0 Maces & Flails
 + Level 0.0 Polearms
 + Level 0.0 Staves
 + Level 0.0 Slings
 + Level 0.0 Bows
 + Level 0.0 Crossbows
 + Level 2.3 Throwing
 + Level 2.3 Armour
 + Level 0.0 Dodging
 + Level 2.1 Stealth
 + Level 0.0 Shields
 + Level 0.0 Unarmed Combat
 + Level 0.0 Spellcasting
 + Level 0.0 Conjurations
 + Level 5.3 Hexes
 + Level 0.0 Charms
 + Level 0.0 Summonings
 + Level 0.0 Necromancy
 + Level 0.0 Translocations
 + Level 0.0 Transmutations
 + Level 0.0 Fire Magic
 + Level 0.0 Ice Magic
 + Level 3.6 Air Magic
 + Level 0.0 Earth Magic
 + Level 0.0 Poison Magic
 + Level 0.0 Invocations
 + Level 0.0 Evocations


You couldn't memorise any spells.
You didn't know any spells.

Dungeon Overview and Level Annotations

Branches:
Dungeon (1/15)

Altars:


Innate Abilities, Weirdness & Mutations

Your experience applies equally to all skills.
You have very sharp teeth.
Your uncanny sense of smell can sniff out nearby items.


Message History

Press: ? - help, Shift-Dir - straight line, f - kobold
Aim: a kobold You shoot a curare-tipped needle.
The curare-tipped needle hits the kobold.
The kobold is poisoned.
The kobold convulses.
You kill the kobold!
The rat bites you.
Wield which item (- for none, * to show all)? (? for menu, Esc to quit)
You are now empty-handed.
The goblin hits you but does no damage.
You hit the goblin.
The goblin is heavily wounded.
The rat barely misses you. The goblin hits you with a dagger.
* * * LOW HITPOINT WARNING * * *
You completely miss the goblin. You bite the goblin, but do no damage.
The goblin is heavily wounded.
The rat bites you but does no damage. The goblin hits you but does no damage.
You completely miss the goblin.
The goblin is heavily wounded.
The rat bites you.
You die...

......... ..........
..........
....w.....
#.........
#.........
#(........
###########.........
#rg@r............gr.
#.#############.#.##
#.# #.#K# #K# . #.#
#.###############.#
#...K.g.r.........#
###################


You could see a goblin and 2 rats.

Vanquished Creatures
  2 kobolds (D:1)
  A rat (D:1)
3 creatures vanquished.

Notes
Turn   | Place    | Note
-------+----------+-------------------------------------------
     0 | D:1      | Laiders the Gnoll Wanderer began the quest for the Orb.
     0 | D:1      | Laiders set off with: a curare-tipped needle, a +2 blowgun, the Disquisition on Air, a +0 robe, a bread ration
     0 | D:1      | Reached XP level 1. HP: 20/20 MP: 1/1
     0 | D:1      | Identified the Disquisition on Air
    99 | D:1      | HP: 1/20 [goblin/dagger (6)]
   101 | D:1      | Slain by a rat

Vault maps used:
D:1:      scummos_arrival_simple_fountains, nrook_uturn

Action                   || total
-------------------------++-------
Melee: Unarmed           ||    15
       Bite              ||     2
 Fire: Blowgun           ||     2
Armor: Robe              ||     5
Dodge: Dodged            ||    15

Table legend:
 A = Spawn XP
 B = Non-spawn XP
 C = Spawn XP percentage of total XP
 D = Spawn monster count
 E = Non-spawn monster count
 F = Spawn count percentage of total count
 G = Total turns spent on level
                    A         B        C        D         E        F      G
               +---------+---------+-------+---------+---------+-------+---------
         Total |       0 |       3 |   0.0 |       0 |       3 |   0.0 |   101
               +---------+---------+-------+---------+---------+-------+---------
           D:1 |       0 |       3 |   0.0 |       0 |       3 |   0.0 |   101
               +---------+---------+-------+---------+---------+-------+---------
